 Dungeon Crawl Stone Soup version 0.19.1 (webtiles) character file.

102 JGreham the Chopper (level 4, -12/41 HPs)
             Began as a Minotaur Chaos Knight on Dec 26, 2016.
             Was an Initiate of Nemelex Xobeh.
             Mangled by a sun demon (15 damage)
             ... summoned by Xom
             ... on level 3 of the Dungeon.
             The game lasted 00:08:02 (1803 turns).

JGreham the Chopper (Minotaur Chaos Knight)         Turns: 1803, Time: 00:08:03

Health: -12/41     AC:  9    Str: 18    XL:     4   Next: 49%
Magic:  3/3        EV:  7    Int:  9    God:    Nemelex Xobeh [......]
Gold:   140        SH:  0    Dex: 11    Spells: 0 memorised, 3 levels left

rFire  . . .     SeeInvis .     a - +0 hand axe (chaos)
rCold  . . .     Gourm    .     k - +0 chain mail
rNeg   . . .     Faith    .     (no shield)
rPois  .         Spirit   .     (helmet restricted)
rElec  .         Reflect  .     (no cloak)
rCorr  .         Harm     .     (no gloves)
MR     .....                    (no boots)
Stlth  ..........               (no amulet)
                                (no ring)
                                (no ring)

@: no status effects
A: retaliatory headbutt, horns 2, agile 1, sense surroundings 1, evolution 1
a: Renounce Religion


You were on level 3 of the Dungeon.
You worshipped Nemelex Xobeh.
Nemelex Xobeh was noncommittal.
You were not hungry.

You visited 1 branch of the dungeon, and saw 3 of its levels.

You collected 140 gold pieces.

Inventory:

Hand Weapons
 a - a +0 hand axe of chaos (weapon)
Armour
 b - a +2 leather armour
 h - a +0 helmet
 k - a +0 chain mail (worn)
Scrolls
 j - a scroll of identify
Potions
 d - a potion of berserk rage
 e - a potion of mutation {unknown}
 g - 2 potions of curing
Miscellaneous
 i - a plain deck of escape {drawn: 3}
Comestibles
 c - 2 bread rations
 f - 2 slices of pizza
 l - a meat ration


   Skills:
 + Level 4.3 Fighting
 + Level 5.0 Axes
 + Level 3.4 Armour
 + Level 1.8 Dodging


You had 3 spell levels left.
You didn't know any spells.

Dungeon Overview and Level Annotations

Branches:
Dungeon (3/15)

Altars:
Nemelex Xobeh
Sif Muna


Innate Abilities, Weirdness & Mutations

You reflexively headbutt those who attack you in melee.
You have a pair of horns on your head.
You are agile. (Dex +2)
You passively map a small area around you.
You evolve.


Message History

You are too confused!
You are too confused!
You are too confused!
You bump into the rock wall.
You hit the sun demon but do no damage. The sun demon hits you!
You are engulfed in flames!
You bump into the rock wall.
The sun demon hits you.
You are engulfed in flames!
* * * LOW HITPOINT WARNING * * *
You bump into the rock wall.
You feel less confused.
The sun demon hits you but does no damage.
You are too injured to fight recklessly!
You are too injured to fight recklessly!
You closely miss the sun demon. The sun demon hits you.
* * * LOW HITPOINT WARNING * * *
You are engulfed in flames!
You die...
Xom is highly amused!
Your body disappears without a glow.

#.##* #..##.# #. * #...
...##.# #. *,
#..#*###.##.###.
#.########..#####.##.##..
#.................†...((.
##########..........###..
#.#####.###..>.
############.#####.# #.##.
#.......3@.........###.##.
#.###.############......<.
#.# #.# #..##.##† #.# #.#
#..##.##. #.# #.#
#..##.... #.###.#
#..#..... #.)...#
#........ #######
##.#.#### # #.


You could see a sun demon.

Vanquished Creatures
  4 adders
  A worm (D:3)
  A leopard gecko (D:2)
  A ball python (D:1)
  4 giant cockroaches
  4 goblins
  6 hobgoblins
  7 jackals
  2 quokkas
  9 bats
  2 frilled lizards (D:2)
  9 kobolds
  12 rats
62 creatures vanquished.

Notes
Turn   | Place    | Note
-------+----------+-------------------------------------------
     0 | D:1      | JGreham the Minotaur Chaos Knight began the quest for the Orb.
     0 | D:1      | Reached XP level 1. HP: 19/19 MP: 0/0
   100 | D:1      | Reached skill level 4 in Axes
   110 | D:1      | Reached XP level 2. HP: 26/27 MP: 1/1
   341 | D:1      | XOM: harmless Pois miscast
   372 | D:1      | XOM: divination: detect items
   414 | D:1      | XOM: divination: detect items
   612 | D:2      | Found a deep blue altar of Sif Muna.
   639 | D:2      | XOM: potion effect (brilliance)
   640 | D:2      | Reached XP level 3. HP: 26/33 MP: 2/2
   750 | D:2      | XOM: divination: detect creatures
   752 | D:2      | XOM: divination: detect creatures
   780 | D:2      | XOM: divination: magic mapping
   796 | D:2      | XOM: harmless Tloc miscast
   825 | D:2      | XOM: harmless Erth miscast
  1065 | D:2      | Found a faded altar of an unknown god.
  1065 | D:2      | Found a sparkling altar of Nemelex Xobeh.
  1080 | D:2      | Found a faded altar of an unknown god.
  1097 | D:2      | Found a faded altar of an unknown god.
  1099 | D:2      | Found a faded altar of an unknown god.
  1111 | D:2      | Fell from the grace of Xom
  1111 | D:2      | Became a worshipper of Nemelex Xobeh the Trickster
  1125 | D:2      | Received a gift from Nemelex Xobeh
  1448 | D:3      | XOM: 2-stop teleportation journey
  1457 | D:3      | Reached XP level 4. HP: 40/41 MP: 3/3
  1461 | D:3      | XOM: give mutations
  1461 | D:3      | Gained mutation: You passively map a small area around you. [Xom's grace]
  1461 | D:3      | Gained mutation: You evolve. [Xom's grace]
  1461 | D:3      | Gained mutation: You are agile. (Dex +2) [Xom's grace]
  1729 | D:3      | Reached skill level 5 in Axes
  1797 | D:3      | XOM: summons 1 hostile demon
  1798 | D:3      | Noticed a sun demon
  1803 | D:3      | Mangled by a sun demon

Skill      XL: |  1  2  3  4 |
---------------+-------------+-----
Axes           | 4 5 |  5.0
Fighting       | 4 |  4.3
Armour         | 3 |  3.4
Dodging        | |  1.8

Action                   |  1- 3 |  4- 6 || total
-------------------------+-------+-------++-------
Melee: Hand axe          |    80 |    37 ||   117
       Headbutt          |    10 |     2 ||    12
Evoke: Deck              |     1 |     2 ||     3
  Use: Scroll            |     3 |       ||     3
  Eat: Bread ration      |     1 |       ||     1
Armor: Leather armour    |    29 |       ||    29
       Chain mail        |    16 |    29 ||    45
Dodge: Dodged            |    60 |    14 ||    74
